 Dungeon Crawl Stone Soup version 0.27.1-33-g824d729ab1 (webtiles) character file.

Game seed: 18004335222228781601

107 zeram the Vandal (level 4, -3/22 HPs)
             Began as a Spriggan Hunter on Dec 16, 2021.
             Was an Initiate of Qazlal.
             Killed from afar by an orc wizard (6 damage)
             ... with a magic dart
             ... on level 3 of the Dungeon.
             The game lasted 00:03:52 (3091 turns).

zeram the Vandal (Spriggan Hunter)                  Turns: 3091, Time: 00:03:52

Health: -3/22      AC:  3    Str:  8    XL:     4   Next: 57%
Magic:  5/5        EV: 17    Int: 13    God:    Qazlal [......]
Gold:   90         SH:  0    Dex: 15    Spells: 3/3 levels left

rFire    + . .     SeeInvis +   a - +1 hunting sling
rCold    . . .     Faith    .   (shield restricted)
rNeg     . . .     Spirit   .   c - +1 robe
rPois    .         Reflect  .   (helmet restricted)
rElec    .         Harm     .   (no cloak)
rCorr    .         Rampage  .   (gloves unavailable)
Will     .....                  (boots unavailable)
Stlth    ++........             (no amulet)
HPRegen  0.07/turn              e - ring of protection from fire
MPRegen  0.09/turn              (no ring)

@: about to teleport, very quick
A: very small, no large weapons, unfitting armour, see invisible, speed 3
a: Renounce Religion


You were on level 3 of the Dungeon.
You worshipped Qazlal.
Qazlal was noncommittal.
You visited 1 branch of the dungeon, and saw 4 of its levels.

You collected 90 gold pieces.

Inventory:

Hand Weapons
 a - a +1 hunting sling (weapon)
 b - a +0 short sword
Missiles
 h - 5 stones (quivered ammo)
Armour
 c - a +1 robe (worn)
Jewellery
 e - a ring of protection from fire (left hand)
 m - a ring of fire
 n - a ring of protection from fire
Scrolls
 j - 2 scrolls of teleportation
Potions
 g - a potion of flight
 i - a potion of ambrosia {unknown}
 k - a potion of curing {unknown}
 l - a potion of brilliance {unknown}


   Skills:
 - Level 1.5 Fighting
 + Level 7.1 Slings
 + Level 3.0 Dodging
 - Level 1.5 Stealth


You had 3 spell levels left.
You didn't know any spells.
Your spell library was empty.

Dungeon Overview and Level Annotations

Branches:
Dungeon (4/15)
 Temple: D:4-7

Altars:
Qazlal


Innate Abilities, Weirdness & Mutations

You are very small and have problems with some larger weapons.
You are too small for most types of armour.
You have supernaturally acute eyesight. (SInv)
You cover ground extremely quickly. (Speed+++)


Message History

The orc wizard flickers and vanishes for a moment.
The orc shouts!
The orc barely misses you.
Really attack while wielding your +1 hunting sling? [Y]es or [N]o only, please.
Really attack while wielding your +1 hunting sling? [Y]es or [N]o only, please.
Really attack while wielding your +1 hunting sling? [Y]es or [N]o only, please.
Really attack while wielding your +1 hunting sling? [Y]es or [N]o only, please.
Really attack while wielding your +1 hunting sling? [Y]es or [N]o only, please.
Really attack while wielding your +1 hunting sling? [Y]es or [N]o only, please.
Really attack while wielding your +1 hunting sling? [Y]es or [N]o only, please.
Really attack while wielding your +1 hunting sling? [Y]es or [N]o only, please.
Really attack while wielding your +1 hunting sling? [Y]es or [N]o only, please.
Really attack while wielding your +1 hunting sling?
Okay, then.
Unknown command.
The orc wizard shouts!
The orc wizard hits you with a +0 dagger.
* * * LOW HITPOINT WARNING * * *
Really attack while wielding your +1 hunting sling? [Y]es or [N]o only, please.
Really attack while wielding your +1 hunting sling? [Y]es or [N]o only, please.
Really attack while wielding your +1 hunting sling? [Y]es or [N]o only, please.
Really attack while wielding your +1 hunting sling?
Okay, then.
As you read the scroll of teleportation, it crumbles to dust.
You feel strangely unstable.
The orc wizard gestures at you while chanting.
The magic dart hits you.
You die...

.##########.# .# #...#.# .#
#.#.#.# # .# #.....# # .# ###.###
###### .########.# #.....
.#........# #.####
.#.#########################.# #
.............o..@o...........####
.####################............
........................[........
.############..######............
.................................
...#####..#..#####..#....o.......
####...##...##...##.#.....)......
..#.....#####.....#.#............
#.#...............#..............


You could see an orc wizard (invisible) and an orc.

Vanquished Creatures
  3 adders
  An adder skeleton (D:4)
  2 worms
  A dart slug (D:2)
  5 bats
  5 endoplasms
  6 giant cockroaches
  6 goblins
  5 hobgoblins
  3 jackals
  7 kobolds
  5 quokkas
  8 ball pythons
  4 frilled lizards
  4 rats
65 creatures vanquished.

Notes
Turn   | Place    | Note
-------+----------+-------------------------------------------
     0 | D:1      | zeram the Spriggan Hunter began the quest for the Orb.
     0 | D:1      | Reached XP level 1. HP: 10/10 MP: 2/2
    60 | D:1      | Reached skill level 5 in Slings
   283 | D:1      | Reached XP level 2. HP: 14/14 MP: 3/3
   368 | D:1      | Found a faded altar of an unknown god.
  1014 | D:2      | Reached XP level 3. HP: 18/18 MP: 4/4
  1057 | D:2      | Reached skill level 6 in Slings
  1837 | D:3      | Reached XP level 4. HP: 22/22 MP: 5/5
  1869 | D:3      | Found a stormy altar of Qazlal.
  1959 | D:3      | Became a worshipper of Qazlal Stormbringer
  2408 | D:3      | Reached skill level 7 in Slings
  2576 | D:4      | HP: 1/22 [orc priest/divine providence (12)]
  2917 | D:4      | Noticed a scorpion
  3091 | D:3      | Killed from afar by an orc wizard

Illustrated notes

Levels and vault maps discovered:
D:1:      tarquinn_simple_flora_water_a, layout_loops_corners,
          shapermc_ecumenical_altar_totnotflames, bh_walls_and_bars
D:2:      layout_basic, serial_glass, glass_columns_b, glass_columns_b,
          minmay_domino_4
D:3:      minmay_octagon_keep, layout_basic, nicolae_qazlal_scattered_showers
D:4:      layout_basic

Skill      XL: |  1  2  3  4 |
---------------+-------------+-----
Slings         | 5 6 7 |  7.1
Dodging        | 3 |  3.0
Fighting       | |  1.5
Stealth        | |  1.5

Action                   |  1- 3 |  4- 6 || total
-------------------------+-------+-------++-------
 Fire: Hunting sling     |   125 |    91 ||   216
  Use: Scroll            |     4 |     2 ||     6
       Potion            |       |     1 ||     1
Armor: Robe              |     2 |     3 ||     5
Dodge: Dodged            |    27 |    31 ||    58
